AoeStats
← Thedrunkenpiper

Arena

506154810Analyzed
2v2 RM · 19d ago on Sep 12, 2026· 30m 56s· 4 players
Game mode
Random Map
Map size
Medium (4 player)
Population
200
Speed
Normal
Resources
Standard
Victory
Conquest
Starting age
Dark Age
Ending age
Imperial Age
RankedLock teamsTeams togetherTeam positionsShared explorationLock speedFull tech treeHidden civsTurbo modeCheats
Victory
Defeat
🇺🇸 Cumans · United States
829
+36
🇺🇸 Goths · United States
775
+38
🇷🇺 Bohemians · Russia
831
-16
🇺🇦 Slavs · Ukraine
698
-12
Жиробель
11:51 Feudal Age
10:20 Loom
14:54 Wheelbarrow
18:39 Castle Age
17:16 Wheelbarrow
16:27 Town Watch
Ушел на СВО
12:01 Feudal Age
20:05 Castle Age
Thedrunkenpiper
11:22 Feudal Age
Chungucha
9:37 Feudal Age
12:41 Man-at-Arms
18:05 Horse Collar
23:42 Wheelbarrow
Connection lost

Rejoining the realm…

Still unreachable

The connection could not be restored.

Session expired

The server has moved on; the page needs a fresh start.